 Dungeon Crawl Stone Soup version 0.27-a0-457-gba82baf56e (webtiles) character file.

Game seed: 1036607875269356830

25 Chiseanne the Changer (level 2, 0/21 HPs)
             Began as a Demonspawn Wanderer on Feb 28, 2021.
             Slain by an orc
             ... wielding a +0 trident
              (8 damage)
             ... on level 2 of the Dungeon.
             The game lasted 00:01:19 (1184 turns).

Chiseanne the Changer (Demonspawn Wanderer)         Turns: 1184, Time: 00:01:20

Health: 0/21       AC:  3    Str: 12    XL:     2   Next: 86%
Magic:  3/3        EV: 11    Int: 14    God:
Gold:   59         SH:  0    Dex: 11    Spells: 2/3 levels left

rFire    . . .     SeeInvis .   a - +2 dagger
rCold    + . .     Faith    .   (no shield)
rNeg     . . .     Spirit   .   f - +0 leather armour
rPois    .         Reflect  .   (no helmet)
rElec    .         Harm     .   (no cloak)
rCorr    .         Rampage  .   (no gloves)
Will     .....                  (no boots)
Stlth    +.........             (no amulet)
HPRegen  0.07/turn              h - ring of protection from cold
MPRegen  0.08/turn              (no ring)

@: no status effects
A: powered by death 1
a: no special abilities


You were on level 2 of the Dungeon.
You visited 1 branch of the dungeon, and saw 2 of its levels.

You collected 59 gold pieces.

Inventory:

Hand Weapons
 a - a +2 dagger (weapon)
Missiles
 b - 4 curare-tipped darts (quivered)
 c - 21 poisoned darts
 e - 55 stones
 i - 5 silver boomerangs
Armour
 f - a +0 leather armour (worn)
Jewellery
 h - a ring of protection from cold (left hand)
 k - an amulet of the acrobat
Scrolls
 d - a scroll of identify
 g - a scroll of teleportation


   Skills:
 * Level 1.3 Fighting
 - Level 1.0 Throwing
 * Level 1.1 Armour
 * Level 1.2 Dodging
 - Level 1.0 Stealth
 - Level 1.0 Spellcasting
 - Level 2.0 Hexes
 - Level 1.1 Necromancy
 - Level 3.6 Transmutations


You had 2 spell levels left.
You knew the following spells:

 Your Spells              Type           Power        Failure   Level
a - Sting                 Tmut/Pois      20%          16%         1

Your spell library contained the following spells:

 Spells                   Type           Power        Failure   Level
 Spider Form              Tmut/Pois      2%           43%         3


Dungeon Overview and Level Annotations

Branches:
Dungeon (2/15)

Altars:


Innate Abilities, Weirdness & Mutations

You regenerate a little health from kills.


Message History

Your Armour skill increases to level 1!
You feel much better.
You feel sick.
You feel sick.
There is a stone staircase leading up here.
You feel sick. x9
You are no longer poisoned.
An orc comes into view. It is wielding a +0 trident.
You climb upwards.
There is a stone staircase leading down here.
You climb downwards.
There is a stone staircase leading up here.
No target in view!
No target in view!
An orc is nearby!
The orc shouts!
You see here 2 bubbling blue potions.
The orc barely misses you. The orc hits you with a +0 trident.
You hit the orc but do no damage. The orc hits you but does no damage.
You barely miss the orc. The orc hits you with a +0 trident!
You are too injured to fight recklessly!
You are too injured to fight recklessly!
You are too injured to fight recklessly!
You are too injured to fight recklessly!
You are too injured to fight recklessly!
You are too injured to fight recklessly!
You are too injured to fight recklessly!
You are too injured to fight recklessly!
You are too injured to fight recklessly!
You are too injured to fight recklessly!
You are too injured to fight recklessly!
You are too injured to fight recklessly!
You are too injured to fight recklessly!
You are too injured to fight recklessly!
You are too injured to fight recklessly!
You are too injured to fight recklessly!
You are too injured to fight recklessly!
You are too injured to fight recklessly!
You completely miss the orc. The orc hits you with a +0 trident!
You die...

..... #..... ....
..... ...##.... .
######.......##.#
#................#
#.................
#..........o......
#.........@.......
#..$..............
#.................
######....!...####..
#..........#...... .
#..........#...#...
#..........+.......
#.....<....#.......
#..........#...#...


You could see an orc.

Vanquished Creatures
  An adder (D:2)
  A ball python (D:1)
  4 bats (D:1)
  A giant cockroach (D:1)
  2 goblins (D:1)
  A hobgoblin (D:1)
  2 kobolds (D:1)
  6 rats (D:1)
18 creatures vanquished.

Notes
Turn   | Place    | Note
-------+----------+-------------------------------------------
     0 | D:1      | Chiseanne the Demonspawn Wanderer began the quest for the
                  | Orb.
     0 | D:1      | Chiseanne set off with the following items: a +2 dagger, 4
                  | curare-tipped darts, a +0 robe; and the following spell
                  | memorised: Sting; and the following spells available to
                  | memorise: Spider Form
     0 | D:1      | Reached XP level 1. HP: 13/13 MP: 2/2
   578 | D:1      | Gained mutation: You regenerate a little health from kills.
                  | [demonic ancestry]
   578 | D:1      | Reached XP level 2. HP: 20/20 MP: 3/3
   655 | D:1      | Reached skill level 1 in Fighting
   750 | D:1      | Reached skill level 1 in Dodging
  1015 | D:2      | Reached skill level 1 in Armour
  1184 | D:2      | Slain by an orc

Illustrated notes

Levels and vault maps discovered:
D:1:      sevenhm_arrival_forest_fort_small_6, layout_loops_ring
D:2:      layout_basic, kennysheep_generic_room_7

Skill      XL: |  1  2 |
---------------+-------+-----
Fighting       | 1 |  1.3
Dodging        | 1 |  1.2
Armour         | 1 |  1.1
Throwing       | |  1.0
Stealth        | |  1.0
Spellcasting   | |  1.0
Hexes          | |  2.0
Necromancy     | |  1.1
Transmutations | |  3.6

Action                   || total
-------------------------++-------
Melee: Dagger            ||    54
  Use: Scroll            ||     2
       Potion            ||     1
 Stab: Sleeping          ||     2
Armor: Leather armour    ||    15
Dodge: Dodged            ||    31

Table legend: (Time is in decaauts)
 A = Elapsed time spent in this place.
 B = Non-inter-level travel time spent in this place.
 C = Inter-level travel time spent in this place.
 D = Time resting spent in this place.
 E = Time spent auto-exploring this place.
 F = Levels seen in this place.
 G = Mean time per level.
                   A        B        C        D        E       F      G
               +--------+--------+--------+--------+--------+-----+--------+
         Total |   1184 |   1165 |     19 |    305 |    719 |   2 |  592.0 |
       Dungeon |   1184 |   1165 |     19 |    305 |    719 |   2 |  592.0 |
               +--------+--------+--------+--------+--------+-----+--------+

Top non-repeatable levels by time:
     D:1: 1069 daAuts
     D:2: 115 daAuts
